 Dungeon Crawl Stone Soup version 0.23.0-28-g6fe0f4d (webtiles) character file.

Game seed: 0

248 Fang the Skirmisher (level 6, -1/39 HPs)
             Began as a Gargoyle Berserker on Feb 25, 2019.
             Was a Priest of Trog.
             Killed by nerve-wracking pain
             ... invoked by Grinder
              (5 damage)
             ... while paralysed by Grinder
             ... on level 4 of the Dungeon.
             The game lasted 00:02:54 (2659 turns).

Fang the Skirmisher (Gargoyle Berserker)            Turns: 2659, Time: 00:02:55

Health: -1/39      AC: 16    Str: 23    XL:     6   Next: 12%
Magic:  6/6        EV:  2    Int:  7    God:    Trog [***...]
Gold:   137        SH:  0    Dex:  9    Spells: 5/5 levels left

rFire    + . .     SeeInvis .   a - +0 hand axe
rCold    . . .     Gourm    .   (no shield)
rNeg     + . .     Faith    .   m - +0 chain mail
rPois    ∞         Spirit   .   u - +2 helmet
rElec    +         Reflect  .   (no cloak)
rCorr    .         Harm     .   (no gloves)
MR       .....                  (no boots)
Stlth    ..........             (no amulet)
HPRegen  0.13/turn              e - ring of attention (curse)
MPRegen  0.10/turn              g - ring of protection from fire

@: paralysed
A: negative energy resistance 1, electricity resistance, unbreathing,
petrification resistance, rot immunity, AC +4
a: Berserk, Trog's Hand, Renounce Religion


You were on level 4 of the Dungeon.
You worshipped Trog.
Trog was most pleased with you.
You were not hungry.

You visited 2 branches of the dungeon, and saw 5 of its levels.

You collected 137 gold pieces.

Inventory:

Hand Weapons
 a - a +0 hand axe (weapon)
Armour
 m - a +0 chain mail (worn)
 u - a +2 helmet (worn)
Jewellery
 e - a cursed ring of attention (left hand)
 g - a ring of protection from fire (right hand)
Scrolls
 h - a scroll of magic mapping {unknown}
 i - 5 scrolls of identify {unknown}
 k - 5 scrolls of remove curse {unknown}
 o - 2 scrolls of immolation {unknown}
 q - 3 scrolls of enchant weapon {unknown}
 r - a scroll of teleportation {unknown}
 v - 2 scrolls of fog {unknown}
 w - a scroll of random uselessness {unknown}
Potions
 d - a potion of magic {unknown}
 f - a potion of flight {unknown}
 j - a potion of invisibility {unknown}
 l - a potion of curing {unknown}
 n - a potion of heal wounds {unknown}
 p - a potion of haste {unknown}
 s - a potion of mutation {unknown}
 t - a potion of resistance {unknown}
Comestibles
 b - a chunk of flesh
 c - 5 rations


   Skills:
 + Level 4.6 Fighting
 + Level 3.8 Axes
 + Level 3.8 Armour
 + Level 2.8 Dodging


You had 5 spell levels left.
You didn't know any spells.
Your spell library was empty.

Dungeon Overview and Level Annotations

Branches:
Dungeon (4/15)             Temple (1/1) D:4

Altars:
Ashenzari
Gozag
Okawaru
Ru
Sif Muna
Trog
Wu Jian
Yredelemnul

Shops:
D:4 }

Annotations:
D:4 Grinder


Innate Abilities, Weirdness & Mutations

You are resistant to torment.
Your stone body is resilient. (AC +4)
You are immune to poison.
You resist negative energy. (rN+)
You are resistant to electric shocks. (rElec)
You can survive without breathing.
You are immune to petrification.
You are immune to rotting.


Message History

You barely miss Grinder. Grinder gestures at you.
You are unaffected.
You hit Grinder but do no damage.
Grinder blinks!
You swing at nothing.
You swing at nothing.
You swing at nothing.
You barely miss Grinder. Grinder hits you.
* * * LOW HITPOINT WARNING * * *
You writhe in agony.
* * * LOW HITPOINT WARNING * * *
You hit Grinder. Grinder gestures at you.
You barely resist. You hit Grinder but do no damage. Grinder gestures at you.
You suddenly lose the ability to move!
Grinder blinks!
Grinder gestures at you. Pain shoots through your body!
You die...

###........
....##.#.# #..≈≈≈#.#
#.≈≈≈≈≈.# ###
#.≈≈∩≈≈.# #..
#.≈≈.≈≈.# #.#
##.≈.≈#.#### #.#
#.#..#....# #.#
#.#...@..5####.#
#.#.÷..........#
#.#.#######...##
#.#.# #####.#.#
#.#.###...#.#.####
..#.##......#....#
###.##.....#####.#
#.##....[.#....# ###
#.###...#.#.######.##


You could see Grinder.

Vanquished Creatures
  An orc priest (D:4)
  A hound (D:4)
  Crazy Yiuf (D:3)
  Robin (D:3)
  6 adders
  4 worms
  2 dart slugs
  2 leopard geckos
  An orc (D:3)
  3 bats
  10 giant cockroaches
  14 goblins
  5 hobgoblins
  2 jackals (D:1)
  4 quokkas
  2 ball pythons (D:1)
  5 frilled lizards
  6 kobolds
  6 rats
  2 fungi (D:3)
78 creatures vanquished.

Notes
Turn   | Place    | Note
-------+----------+-------------------------------------------
     0 | D:1      | Fang the Gargoyle Berserker began the quest for the Orb.
     0 | D:1      | Reached XP level 1. HP: 14/14 MP: 1/1
    94 | D:1      | Reached XP level 2. HP: 13/19 MP: 2/2
   755 | D:2      | Found an ornate altar of the Wu Jian Council.
   757 | D:2      | Reached XP level 3. HP: 20/23 MP: 3/3
   964 | D:2      | Reached ** piety under Trog
  1004 | D:2      | Found a sacrificial altar of Ru.
  1216 | D:2      | Found a basalt altar of Yredelemnul.
  1231 | D:2      | Reached XP level 4. HP: 21/29 MP: 4/4
  1466 | D:3      | Reached skill level 4 in Fighting
  1473 | D:3      | Found an opulent altar of Gozag.
  1639 | D:3      | Found a shattered altar of Ashenzari.
  1640 | D:3      | Noticed Robin
  1651 | D:3      | Reached XP level 5. HP: 33/33 MP: 5/5
  1654 | D:3      | Killed Robin
  2188 | D:3      | Found a runed translucent door.
  2189 | D:3      | Noticed Crazy Yiuf
  2198 | D:3      | Killed Crazy Yiuf
  2325 | D:4      | Reached *** piety under Trog
  2338 | D:4      | Found a staircase to the Ecumenical Temple.
  2363 | D:4      | Reached XP level 6. HP: 21/39 MP: 6/6
  2372 | Temple   | Entered the Ecumenical Temple
  2517 | D:4      | Found an iron altar of Okawaru.
  2520 | D:4      | Found a deep blue altar of Sif Muna.
  2523 | D:4      | Found a bloodstained altar of Trog.
  2559 | D:4      | Found Liunam's Gadget Shop.
  2577 | D:4      | Noticed Grinder
  2592 | D:4      | Paralysed by Grinder for 5 turns
  2608 | D:4      | Paralysed by Grinder for 3 turns
  2657 | D:4      | Paralysed by Grinder for 7 turns
  2659 | D:4      | Killed from afar by Grinder

Skill      XL: |  1  2  3  4 |
---------------+-------------+-----
Axes           | 3 |  3.8
Dodging        | 2 |  2.8
Armour         | 3 |  3.8
Fighting       | 4 |  4.6

Action                   |  1- 3 |  4- 6 || total
-------------------------+-------+-------++-------
Melee: Hand axe          |   147 |   183 ||   330
Invok: Berserk           |       |     2 ||     2
  Eat: Chunk             |     1 |     7 ||     8
Armor: Animal skin       |    19 |       ||    19
       Chain mail        |    65 |   108 ||   173
Dodge: Dodged            |    78 |    71 ||   149
